 Dungeon Crawl Stone Soup version 0.14-a0-717-gc32513d (console) character file.

2074807 Vesto the Skullcrusher (level 27, 250/267 (277) HPs)
             Began as a Minotaur Fighter on Nov 3, 2013.
             Was a High Priest of Okawaru.
             Escaped with the Orb
             ... and 4 runes on Nov 7, 2013!
             The game lasted 06:39:19 (88032 turns).

Vesto the Skullcrusher (Minotaur Fighter)          Turns: 88032, Time: 06:39:19

HP 250/267 (277) AC 42     Str 32      XL: 27
MP  28/28        EV 18     Int  5 (6)  God: Okawaru [*****.]
Gold 3010        SH 35     Dex 13      Spells:  0 memorised, 26 levels left

Res.Fire  : + + +   See Invis. : +   a - +11,+9 flail "Upinuge" {venom, +Fly rElec rF+ Stlth++}
Res.Cold  : + + .   Warding    : .   I - +9 plate armour of Disaster {rC+}
Life Prot.: + + .   Conserve   : +   c - +3 shield "Dulow" {rF++ rN+ Dex+3}
Res.Poison: +       Res.Corr.  : +   j - +0 mask of the Dragon {MR+ Acc+3 Dam+3 SInv}
Res.Elec. : +       Clarity    : .   C - +2 cloak {rCorr, Cons}
Sust.Abil.: . .     Spirit.Shd : .   f - +2 pair of gloves {Str+3}
Res.Mut.  : .       Rnd.Telep. : +   y - +1 pair of boots of Qilaofal {Acc+3 Dam+3}
Res.Rott. : .       Flight     : .   O - amulet "Eppifeusch" {Gourm +Fly rPois rC+ MR++}
Gourmand  : +                        M - ring of positive energy
                                     E - +0,+7 ring of slaying

@: very slightly contaminated, finesse, extraordinarily resistant to hostile
enchantments, extremely unstealthy
A: retaliatory headbutt, horns 2, blurry vision 1, herbivore 1, fast metabolism
1, -10% mp, screaming 1, teleportitis 1, Str -2, Dex -2
a: Heroism, Finesse, Renounce Religion, Evoke Flight
0: Orb of Zot
}: 4/15 runes: decaying, slimy, silver, gossamer


You escaped.
You worshipped Okawaru.
Okawaru was extremely pleased with you.
You were not hungry.

You visited 12 branches of the dungeon, and saw 75 of its levels.
You also visited: Sewer, Ice Cave, Volcano and Wizlab.

You collected 9109 gold pieces.
You spent 6099 gold pieces at shops.

Inventory:

Hand weapons
 a - the +11,+9 flail "Upinuge" (weapon) {venom, +Fly rElec rF+ Stlth++}
   (You found it on level 6 of the Pits of Slime)

   It poisons the flesh of those it strikes.
   It protects you from fire.
   It insulates you from electricity.
   It lets you fly.
   It makes you much more stealthy.
 b - a +7,+6 dire flail of holy wrath
Armour
 c - the +3 shield "Dulow" (worn) {rF++ rN+ Dex+3}
   (You acquired it on level 7 of the Dungeon)

   It affects your dexterity (+3).
   It greatly protects you from fire.
   It protects you from negative energy.
 f - a +2 pair of gloves of strength (worn)
 j - the +0 mask of the Dragon (worn) {MR+ Acc+3 Dam+3 SInv}
   (You bought it in a shop on level 4 of the Orcish Mines)

   It affects your accuracy (+3).
   It affects your damage-dealing abilities (+3).
   It affects your resistance to hostile enchantments.
   It enhances your eyesight.
 y - the +1 pair of boots of Qilaofal (worn) {Acc+3 Dam+3}
   (You acquired it on level 7 of the Dungeon)

   It affects your accuracy (+3).
   It affects your damage-dealing abilities (+3).
 C - a +2 cloak of preservation (worn)
 I - the +9 plate armour of Disaster (worn) {rC+}
   (You found it on level 25 of the Dungeon)

   It protects you from cold.
Magical devices
 t - a wand of fireball (5)
 A - a wand of digging (12)
 F - a wand of teleportation (7)
 G - a wand of digging (17)
 J - a wand of lightning (5)
 K - a wand of invisibility (6)
 L - a wand of fire (11)
 N - a wand of lightning (6)
 Q - a wand of draining (9)
 T - a wand of cold (8)
 U - a wand of fire (15)
 X - a wand of heal wounds (9)
Comestibles
 d - 11 bread rations
 q - 11 meat rations
Scrolls
 h - 4 scrolls of teleportation
 p - 10 scrolls of remove curse
 u - a scroll of silence
 v - 4 scrolls of fear
 B - a scroll of magic mapping
 P - 4 scrolls of fog
 V - a scroll of blinking
Jewellery
 k - an uncursed amulet of clarity
 n - the ring of Procofoi {AC+4 Dex+4}
   (You found it on level 22 of the Dungeon)

   [ring of protection]

   It affects your AC (+4).
   It affects your dexterity (+4).
 x - an uncursed ring of teleportation
 D - an uncursed amulet of stasis
 E - a +0,+7 ring of slaying (left hand)
 H - the amulet of Thrahunk {+Rage +Fly rC- Dam+5}
   (You found it in an ice cave)

   [amulet of rage]

   It affects your damage-dealing abilities (+5).
   It makes you vulnerable to cold.
   It lets you fly.
 M - a ring of positive energy (right hand)
 O - the amulet "Eppifeusch" (around neck) {Gourm +Fly rPois rC+ MR++}
   (You bought it in a shop on level 4 of the Orcish Mines)

   [amulet of the gourmand]

   It protects you from cold.
   It protects you from poison.
   It affects your resistance to hostile enchantments.
   It lets you fly.
Potions
 e - 22 potions of curing
 g - 2 potions of magic
 i - 5 potions of agility
 l - 4 potions of might
 m - 2 potions of restore abilities
 o - 14 potions of heal wounds
 s - 2 potions of berserk rage
 w - a potion of resistance
 z - 2 potions of speed
 R - a potion of brilliance
Rods
 Z - a cursed +4 rod of frigid destruction (15/15)
   (You found it on level 8 of the Lair of Beasts)


   Skills:
 O Level 27 Fighting
 O Level 27 Maces & Flails
 O Level 27 Armour
 * Level 20.8 Dodging
 - Level 6.2 Stealth
 - Level 16.5 Shields
 - Level 5.0 Unarmed Combat
 - Level 9.6 Invocations
 - Level 10.1 Evocations


You had 26 spell levels left.
You didn't know any spells.

Dungeon Overview and Level Annotations

Branches:
Dungeon (27/27)            Temple (1/1) D:6             Orc (4/4) D:10
    Elf (3/3) Orc:4          Lair (8/8) D:11          Swamp (5/5) Lair:5
 Spider (5/5) Lair:4        Slime (6/6) Lair:6       Vaults (5/5) D:17
  Blade (1/1) Vaults:4       Tomb (0/3) Forest:2        Zot (5/5) D:27
 Forest (5/5) Vaults:3

Altars:
Ashenzari
Cheibriados
Elyvilon
Fedhas
Kikubaaqudgha
Makhleb
Nemelex Xobeh
Okawaru
Sif Muna
Trog
Vehumet
Xom
Yredelemnul
Zin
the Shining One
Beogh
Jiyva

Shops:
D:9 +(**   D:10 }   D:11 /   D:12 (   D:15 }   D:16 [   D:18 *%}!%   Orc:1 ?
Orc:3 ?   Orc:4 (**=[   Vaults:2 +   Vaults:3 =   Vaults:4 *
Vaults:5 /[*?!?!%!?!

Portals:
Hell: D:21 D:22 D:23 D:24 D:25 D:26 D:27
Abyss: D:21 D:25 D:26 D:27
Pandemonium: D:21 D:24
Trove: D:11 (give +5,+5 demon blade)

Annotations:
D:2 exclusion: oklob plant
D:8 exclusion: downstairs
D:9 exclusion: downstairs
D:10 exclusion: downstairs
D:13 exclusion: downstairs
D:21 exclusion: downstairs
Zot:2 exclusion: downstairs


Innate Abilities, Weirdness & Mutations

You reflexively headbutt those who attack you in melee.
You have a pair of horns on your head.
Your vision is a little blurry.
You are clumsy. (Dex -2)
You digest meat inefficiently.
You have a fast metabolism.
Your magical capacity is low (-10% MP).
You occasionally shout uncontrollably.
Space occasionally distorts in your vicinity.
You are weak. (Str -2)


Message History

The kobold throws a dart.
The dart hits you!
The polar bear growls angrily.
You block the kobold's attack.
You bludgeon the kobold!!
You kill the kobold!
The lindwurm roars!
A large abomination comes into view.
You sock the large abomination!
The large abomination is moderately damaged.
The large abomination misses you. You furiously retaliate!
You headbutt the large abomination! You sock the large abomination!
The large abomination is severely damaged.
You crush the large abomination like a grape!!!
You destroy the large abomination!
Okawaru accepts your kill.
A Shadow Fiend comes into view.
There is a staircase leading out of the dungeon here.
Char dumped successfully.
You have escaped!

######## ###########
#......# #@....1...###
#.###### ##########....#
#####.#### ###........)....#
.........# #...............#
#####.##.# #.8..#######..8.#
#.##.###....#lhsUl#..(.#
#......#.8..#######.(8.#
########...#...............#
.....# #######.8.......8.###


You could see a Shadow Fiend.

Vanquished Creatures
  the royal jelly (Slime:6)
  3 ancient liches (Zot:5)
  4 orbs of fire (Zot:5)
  Saint Roka (Forest:5)
  Boris (D:26)
  Sojobo (Forest:3)
  the Enchantress (Forest:5)
  Mara (Spider:5)
  6 Killer Klowns
  Mennas (Forest:5)
  7 golden dragons
  A curse toe (Zot:1)
  Jory (Forest:1)
  A profane servitor (Zot:1)
  5 electric golems
  Arachne (Spider:3)
  8 bone dragons
  A lich (Vaults:5)
  21 tentacled monstrosities
  A hellephant (D:23)
  2 titans (Vaults:5)
  2 deep elf blademasters (Elf:3)
  20 acid blobs
  27 Orb Guardians
  2 deep elf master archers (Elf:3)
  4 thorn hunters
  An Executioner (D:4)
  8 shadow dragons
  3 sphinxes
  12 storm dragons
  8 tengu reavers
  2 draconian monks
  3 fire giants
  4 frost giants
  Donald (Orc:3)
  Wiglaf (D:18)
  7 vault wardens
  2 draconian scorchers
  9 deep elf sorcerers
  4 draconian knights
  7 ghost moths
  An iron dragon (Vaults:5)
  Louise (Elf:3)
  A ghost moth (shapeshifter) (Vaults:5)
  6 azure jellies
  An orc warlord (Orc:4)
  5 draconian zealots
  Gastronok (D:9)
  A cacodemon (D:2)
  3 emperor scorpions (Spider:5)
  2 draconian annihilators (Zot:3)
  An ancient bear (shapeshifter) (Vaults:1)
  3 ancient bears
  3 draconian shifters
  42 stone giants
  4 treants
  10 deep elf demonologists
  2 blizzard demons (IceCv)
  3 spriggan defenders (Forest:5)
  8 grey draconians
  14 green draconians
  A lorocyproca (D:27)
  6 draconian callers
  4 elemental wellsprings
  11 mottled draconians
  A dire elephant (Forest:1)
  6 purple draconians
  A green death (Elf:3)
  6 black draconians
  5 deep elf annihilators
  5 satyrs
  9 pale draconians
  3 red draconians
  5 white draconians
  9 yellow draconians
  24 vault guards
  9 spriggan air magi
  6 ettins
  6 deep elf death magi (Elf:3)
  5 deep elf high priests
  4 death oozes (Slime:6)
  2 large abominations
  20 dragons
  38 yaktaur captains
  7 great orbs of eyes
  12 death cobs
  A ravenous item mimic (Vaults:4)
  25 dancing weapons
  Fannar (Lair:2)
  8 ironheart preservers
  Josephine (D:14)
  3 ravenous feature mimics
  16 hydras
  Nessos (D:11)
  13 ice dragons
  2 anacondas
  9 ogre magi
  8 deep troll earth magi
  3 alligators
  7 spriggan berserkers
  3 spriggan enchanters (Forest:5)
  2 spriggan assassins (Forest:4)
  3 death yaks (Lair:8)
  5 orc high priests
  7 spectral elves
  10 very ugly things
  7 dryads
  3 deep troll shamans
  4 fire crabs
  28 centaur warriors
  Nergalle (Lair:4)
  A fire crab (shapeshifter) (Vaults:1)
  2 storm dragon zombies
  A titan skeleton (Vaults:5)
  6 water nymphs
  4 sun demons
  2 hell hogs
  9 iron trolls
  2 soul eaters
  Erolcha (Orc:2)
  18 deep elf knights
  12 skeletal warriors (D:19)
  A shadow wraith (Vaults:5)
  3 unseen horrors
  7 ice devils
  A storm dragon skeleton (Vaults:5)
  16 deep trolls
  3 death drakes
  4 hell knights (D:27)
  A hellion (Vaults:5)
  11 swamp dragons
  13 hill giants
  An ice statue (IceCv)
  A small abomination (Vaults:5)
  25 orc knights
  A shadow dragon zombie (Zot:3)
  2 flayed ghosts
  Pikel (D:9)
  11 harpies
  2 deathcaps (Zot:1)
  25 fauns
  9 giant amoebae
  11 deep elf conjurers
  6 griffons
  15 ironbrand convokers
  Joseph (D:9)
  21 wolf spiders
  5 necromancers
  A sphinx zombie (D:21)
  3 oklob plants
  A harpy (shapeshifter) (Vaults:1)
  4 stone giant zombies
  5 phantasmal warriors
  11 orc sorcerers
  7 red wasps
  2 draconian zombies (Zot:3)
  A spectral orc (Elf:3)
  A fire giant zombie (Vaults:2)
  A red wasp (shapeshifter) (Elf:3)
  5 shining eyes
  A shadow dragon skeleton (Vaults:5)
  3 wolf spiders (shapeshifter)
  An elephant (shapeshifter) (Vaults:5)
  9 cyclopes
  4 black mambas
  3 sixfirhies
  25 moths of wrath
  17 stone giant skeletons
  4 fire giant skeletons
  2 stone golems (WizLab)
  19 elephants
  Maurice (D:10)
  5 spiny worms
  10 vault sentinels
  11 deep elf summoners
  The ghost of Vesto the Cudgeler, an experienced MiFi of Okawaru (D:5)
  8 spriggan druids
  3 frost giant skeletons
  30 spirit wolves
  A pale draconian zombie (Zot:1)
  14 spiny frogs
  An orange demon (D:27)
  4 smoke demons
  Psyche (D:8)
  13 demonic crawlers
  An efreet (D:14)
  A spiny frog (shapeshifter) (D:20)
  2 golden dragon simulacra (IceCv)
  71 yaktaurs
  6 hellwings
  12 fire drakes
  A yellow draconian skeleton (Zot:5)
  A guardian mummy (Forest:2)
  A moth of suppression (Spider:4)
  12 orb spiders
  3 anaconda simulacra (IceCv)
  9 deep elf priests
  A wandering mushroom (Zot:1)
  2 giant leeches (Swamp:4)
  A hell beast (D:21)
  2 hydra zombies
  Grinder (D:4)
  16 jumping spiders
  A purple draconian skeleton (Zot:5)
  A harpy zombie (D:17)
  8 wind drakes
  6 blue devils
  8 komodo dragons
  3 phoenix simulacra (IceCv)
  36 spriggans
  15 thorn lotuses
  3 spriggans (shapeshifter)
  9 trolls
  24 two-headed ogres
  23 giant fireflies
  3 iron devils
  3 wind drakes (shapeshifter)
  14 blink frogs
  A raven (Swamp:2)
  A baby alligator (Swamp:4)
  A stone giant simulacrum (D:24)
  9 grizzly bears
  An ettin zombie (Vaults:1)
  A bog body (Swamp:4)
  7 boulder beetles
  A griffon zombie (D:14)
  69 slime creatures
  2 brown oozes (shapeshifter)
  3 shadows
  6 basilisks
  2 trapdoor spiders (shapeshifter)
  18 trapdoor spiders
  A chaos spawn (D:24)
  A vampire (D:17)
  57 redbacks
  3 wraiths
  25 air elementals
  10 brown oozes
  4 ettin skeletons
  19 water elementals
  152 ugly things
  26 tarantellas
  2 dire elephant simulacra (IceCv)
  A golden eye (shapeshifter) (Vaults:1)
  11 hippogriffs
  A toenail golem (Zot:1)
  Eustachio (D:6)
  4 wyverns
  26 deep elf magi
  2 neqoxecs
  2 clay golems (Volcano)
  Grum (D:11)
  53 yaks
  3 hungry ghosts
  57 wolves
  12 vampire mosquitoes
  2 harpy simulacra (IceCv)
  2 hill giant skeletons
  2 rock worms
  8 swamp worms
  A merfolk (shapeshifter) (Vaults:5)
  A wolf (shapeshifter) (Vaults:5)
  43 deep elf fighters
  Edmund (D:6)
  2 iron troll simulacra (IceCv)
  3 deep troll zombies
  7 manticores
  3 mottled dragons
  12 hell hounds
  8 swamp drakes
  18 freezing wraiths
  7 porcupines
  3 deep troll skeletons
  2 alligator simulacra (IceCv)
  67 orc warriors
  A hydra simulacrum (IceCv)
  16 giant goldfish
  6 soldier ants
  7 ice beasts
  A dragon simulacrum (D:14)
  A kobold demonologist (Vaults:1)
  44 ogres
  4 sky beasts
  4 black bears
  A slave (D:9)
  71 centaurs
  2 phantoms
  A boring beetle (shapeshifter) (D:21)
  A crocodile (shapeshifter) (Vaults:2)
  14 crocodiles
  8 yellow wasps
  3 rotting devils
  Sigmund (D:6)
  3 boring beetles
  15 wargs
  A draconian simulacrum (IceCv)
  12 giant slugs
  26 giant frogs
  A spiny worm simulacrum (D:16)
  3 brain worms
  A fire crab zombie (D:19)
  3 lava worms (D:24)
  4 big kobolds
  2 cyclops zombies
  12 water moccasins
  A yaktaur skeleton (D:16)
  9 agate snails
  2 gnoll sergeants (D:9)
  A cyclops skeleton (D:11)
  5 lava fish
  7 jellyfish
  The ghost of Vesto the Skirmisher, a weakling MiFi (D:3)
  A boulder beetle zombie (D:19)
  6 eyes of draining
  20 killer bees
  A yak zombie (D:14)
  An elephant simulacrum (IceCv)
  10 wights
  A troll zombie (D:11)
  2 yak skeletons
  A killer bee (shapeshifter) (Elf:3)
  A pulsating lump (Vaults:2)
  5 goliath beetles
  A hippogriff skeleton (D:6)
  13 crimson imps
  6 electric eels
  A pulsating lump (shapeshifter) (Vaults:5)
  A giant frog zombie (D:6)
  A fire bat (Volcano)
  12 big fish
  6 quasits
  2 lava snakes
  An iron imp (D:16)
  21 orc priests
  A soldier ant zombie (D:14)
  30 hounds
  A centaur zombie (D:14)
  A gnoll shaman (D:9)
  A basilisk skeleton (D:14)
  15 jellies
  30 orc wizards
  A centaur skeleton (D:8)
  A giant frog skeleton (D:12)
  10 orange rats
  13 spiders
  9 worker ants
  6 scorpions
  10 iguanas
  20 sheep
  2 troll simulacra (IceCv)
  A boulder beetle simulacrum (D:16)
  Ijyb (D:4)
  Jessica (D:3)
  A big kobold skeleton (D:8)
  9 boggarts
  A crocodile zombie (D:9)
  A mottled dragon zombie (D:14)
  An ogre skeleton (D:9)
  A hound skeleton (D:4)
  12 mummies (Forest:2)
  18 gnolls
  A lemure (Vaults:3)
  25 adders
  5 giant centipedes
  51 green rats
  An ogre simulacrum (IceCv)
  11 giant mites
  A naga simulacrum (IceCv)
  2 shadow imps
  2 inept feature mimics
  12 white imps
  10 worms
  A worm (shapeshifter) (D:25)
  4 ufetubi
  4 giant eyeballs
  14 giant geckos
  5 oozes
  199 orcs
  12 ball pythons
  9 giant cockroaches
  21 hobgoblins
  51 jackals
  8 quokkas
  24 bats
  13 giant newts
  A gnoll skeleton (D:4)
  21 goblins
  A goblin skeleton (D:4)
  A hobgoblin zombie (D:7)
  26 kobolds
  5 orc zombies
  15 rats
  A rat skeleton (D:4)
  9 ballistomycetes
  5 briar patches
  5 butterflies
  A crawling corpse (Vaults:5)
  5 fungi
  5 plants
  5 snaplasher vines
  12 toadstools (WizLab)
3471 creatures vanquished.

Vanquished Creatures (others)
  3 tengu reavers
  A draconian monk (Zot:4)
  A shadow dragon (Zot:4)
  3 draconian scorchers (Zot:4)
  A draconian knight (Zot:4)
  2 draconian shifters (Zot:4)
  A draconian caller (Zot:4)
  A purple draconian (Zot:4)
  2 mottled draconians (Zot:4)
  3 pale draconians (Zot:4)
  An ironheart preserver (Vaults:3)
  A death drake (Zot:4)
  An unseen horror (D:11)
  2 wolf spiders (Spider:4)
  A deep elf summoner (Elf:3)
  3 fire drakes
  A deep elf mage (Elf:2)
  2 ugly things
  A merfolk (shapeshifter) (D:27)
  A deep elf fighter (Vaults:2)
  5 swamp drakes
  A centaur (D:23)
  2 electric eels (Zot:4)
  A big fish (Zot:4)
  A boggart (Vaults:3)
  A white imp (IceCv)
  A giant mite (D:10)
  An ufetubus (IceCv)
  2 orcs
  4 giant spores
  3 briar patches
  3 fungi (Lair:7)
  38 plants
  447 snaplasher vine segments
  2 toadstools (WizLab)
544 creatures vanquished.

Grand Total: 4015 creatures vanquished

Notes
Turn   | Place    | Note
--------------------------------------------------------------
     0 | D:1      | Vesto, the Minotaur Fighter, began the quest for the Orb.
     0 | D:1      | Reached XP level 1. HP: 19/19 MP: 0/0
     6 | D:1      | Noticed a fire drake
     6 | D:1      | Noticed a hog
     6 | D:1      | Noticed a polar bear
     6 | D:1      | Noticed a lindwurm
   278 | D:2      | Noticed a big fish
   279 | D:2      | Found a blossoming altar of Fedhas.
   280 | D:2      | Noticed a big fish
   299 | D:2      | Noticed an oklob plant
   313 | D:2      | Killed a big fish
   313 | D:2      | Reached skill level 1 in Dodging
   313 | D:2      | Reached skill level 1 in Unarmed Combat
   313 | D:2      | Reached XP level 2. HP: 23/26 MP: 0/0
   313 | D:2      | Reached XP level 3. HP: 29/33 MP: 1/1
   402 | D:2      | Reached skill level 4 in Fighting
   598 | D:4      | Reached XP level 4. HP: 38/40 MP: 1/1
   614 | D:4      | Found a staircase to the Ecumenical Temple.
   621 | D:4      | the staircase to the Ecumenical Temple was a mimic.
   769 | D:4      | Found a glowing drain.
   779 | Sewer    | Entered a sewer
   886 | Sewer    | Reached XP level 5. HP: 43/46 MP: 1/1
  1126 | Sewer    | Paralysed by a potion of paralysis for 5 turns
  1287 | Sewer    | Reached XP level 6. HP: 48/53 MP: 2/2
  1299 | Sewer    | Noticed a giant frog
  1308 | Sewer    | Reached skill level 5 in Maces & Flails
  1321 | Sewer    | Killed a giant frog
  1482 | D:4      | Noticed Ijyb
  1531 | D:4      | Killed Ijyb
  1569 | D:4      | Noticed Grinder
  1579 | D:4      | Paralysed by Grinder for 5 turns
  1595 | D:4      | Killed Grinder
  1595 | D:4      | Reached skill level 5 in Fighting
  1595 | D:4      | Reached skill level 5 in Shields
  1595 | D:4      | Reached XP level 7. HP: 5/60 MP: 2/2
  1854 | D:5      | Entered Level 5 of the Dungeon
  1854 | D:5      | Noticed Vesto's ghost (experienced MiFi)
  2051 | D:4      | Reached skill level 6 in Maces & Flails
  2368 | D:4      | Reached skill level 5 in Armour
  2467 | D:5      | Killed Vesto's ghost
  2467 | D:5      | Reached XP level 8. HP: 30/68 MP: 2/2
  2642 | D:5      | Found a sparkling altar of Nemelex Xobeh.
  2860 | D:5      | Reached skill level 7 in Maces & Flails
  3002 | D:6      | Noticed Edmund
  3069 | D:6      | Killed Edmund
  3087 | D:6      | Noticed Sigmund
  3101 | D:6      | Killed Sigmund
  3155 | D:6      | Found a staircase to the Ecumenical Temple.
  3201 | Temple   | Entered the Ecumenical Temple
  3205 | Temple   | Became a worshipper of Warmaster Okawaru
  4349 | D:2      | Gained mutation: You have a somewhat thin skeletal structure (Dex +2, Stlth). [potion of mutation]
  4349 | D:2      | Gained mutation: You have very sharp teeth. [potion of mutation]
  4349 | D:2      | Gained mutation: You are agile. (Dex +2) [potion of mutation]
  4606 | D:2      | Killed a big fish
  4729 | D:3      | Reached skill level 8 in Maces & Flails
  4750 | D:3      | Noticed Vesto's ghost (weakling MiFi)
  4754 | D:3      | Killed Vesto's ghost
  5026 | D:3      | Noticed Jessica
  5031 | D:3      | Killed Jessica
  5347 | D:5      | Reached XP level 9. HP: 75/75 MP: 3/3
  5584 | D:6      | Found a burning altar of Makhleb.
  5584 | D:6      | Found a shimmering altar of Xom.
  5599 | D:6      | Reached skill level 1 in Stealth
  5599 | D:6      | Reached skill level 1 in Evocations
  6081 | D:6      | Noticed Eustachio
  6096 | D:6      | Killed Eustachio
  6251 | D:7      | Identified a scroll of acquirement
  6252 | D:7      | Got a fine shield
  6264 | D:7      | Identified the +3 shield "Dulow" {rF++ rN+ Dex+3} (You acquired it on level 7 of the Dungeon)
  6333 | D:7      | Acquired Okawaru's first power
  6424 | D:7      | Lost mutation: You are agile. (Dex +2) [potion of cure mutation]
  6424 | D:7      | Lost mutation: You have a somewhat thin skeletal structure (Dex +2, Stlth). [potion of cure mutation]
  6424 | D:7      | Lost mutation: You have very sharp teeth. [potion of cure mutation]
  6507 | D:7      | Reached skill level 9 in Maces & Flails
  6507 | D:7      | Reached skill level 5 in Unarmed Combat
  6517 | D:7      | Got a bloodstained long sword
  6518 | D:7      | Identified the cursed +7,+4 long sword "Dragonslayer" {venom, +Blink rF+ Str+1 Stlth-} (You found it on level 7 of the Dungeon)
  6518 | D:7      | Identified the cursed +7,+4 long sword "Dragonslayer" {venom, +Blink rF+ Str+1 Stlth-} (You found it on level 7 of the Dungeon)
  6633 | D:7      | Got a pair of warped boots
  6636 | D:7      | Identified the +1 pair of boots of Qilaofal {Acc+3 Dam+3} (You acquired it on level 7 of the Dungeon)
  6890 | D:7      | Reached skill level 5 in Dodging
  7271 | D:8      | Reached skill level 1 in Invocations
  7279 | D:8      | Reached XP level 10. HP: 73/84 MP: 7/7
  7525 | D:8      | Noticed Psyche
  7534 | D:8      | Killed Psyche
  7800 | D:10     | Entered Level 10 of the Dungeon
  8075 | D:9      | Reached skill level 10 in Maces & Flails
  8115 | D:9      | Found Smarink's General Store.
  8127 | D:9      | Bought a potion of speed for 71 gold pieces
  8127 | D:9      | Bought a scroll of enchant weapon II for 71 gold pieces
  8283 | D:9      | Found Irhoyhea's Assorted Antiques.
  8288 | D:9      | Noticed Gastronok
  8289 | D:9      | Found Smair's Antique Weapon Emporium.
  8315 | D:9      | Killed Gastronok
  8315 | D:9      | Reached XP level 11. HP: 73/92 MP: 8/9
  8338 | D:9      | Bought a potion of mutation for 63 gold pieces
  8390 | D:9      | Noticed Joseph
  8399 | D:9      | Killed Joseph
  8686 | D:9      | Found Xatitzal's Book Shop.
  8748 | D:9      | Noticed Pikel
  8759 | D:9      | Killed Pikel
  8797 | D:9      | Reached skill level 10 in Shields
  9290 | D:10     | Found a staircase to the Orcish Mines.
 10111 | D:10     | Found Najifel's Gadget Shop.
 10147 | D:10     | Noticed Maurice
 10156 | D:10     | Killed Maurice
 10156 | D:10     | Reached skill level 11 in Maces & Flails
 10163 | D:10     | Identified a +1 cloak of preservation (You took it off Maurice on level 10 of the Dungeon)
 10349 | D:11     | Noticed a hill giant
 10357 | D:11     | Killed a hill giant
 10417 | D:11     | Found a portal to a secret trove of treasure.
 10564 | D:11     | Noticed Grum
 10596 | D:11     | Killed Grum
 10625 | D:11     | Found a staircase to the Lair.
 10666 | D:11     | Noticed Nessos
 10678 | D:11     | Killed an unseen horror
 10697 | D:11     | Killed Nessos
 10697 | D:11     | Reached skill level 5 in Evocations
 11070 | D:11     | Acquired Okawaru's second power
 11202 | D:11     | Reached XP level 12. HP: 85/101 MP: 14/14
 11258 | D:9      | Bought a glowing demon whip for 364 gold pieces
 11364 | D:11     | Found Pliezism's Magical Wand Boutique.
 11847 | D:12     | Received a gift from Okawaru
 11955 | D:12     | Found Awnuc's Weapon Shoppe.
 12447 | D:13     | Reached skill level 12 in Maces & Flails
 13432 | D:14     | Noticed a stone giant
 13460 | D:14     | Found an iron altar of Okawaru.
 13479 | D:14     | Reached skill level 5 in Stealth
 13559 | D:14     | Reached skill level 5 in Invocations
 13801 | D:14     | Noticed Josephine
 13813 | D:14     | Killed Josephine
 13846 | D:14     | Reached skill level 10 in Fighting
 14584 | D:14     | Reached XP level 13. HP: 110/110 MP: 16/16
 14621 | D:14     | Killed a stone giant
 14893 | Orc:1    | Entered Level 1 of the Orcish Mines
 14893 | Orc:1    | Found Umue's Magic Scroll Shop.
 14921 | Orc:1    | Bought a scroll of enchant weapon I for 93 gold pieces
 15235 | Orc:3    | Noticed Donald
 15238 | Orc:4    | Entered Level 4 of the Orcish Mines
 15238 | Orc:4    | Found Kadirio's Antique Weapon Shop.
 15286 | Orc:4    | Found Mam Uga's General Store.
 15296 | Orc:4    | Reached skill level 13 in Maces & Flails
 15340 | Orc:4    | Found Taoxkaf's Antique Armour Shoppe.
 15390 | Orc:4    | Found a dark tunnel.
 15398 | Volcano  | Entered a volcano
 15688 | Volcano  | Found a radiant altar of Vehumet.
 15695 | Volcano  | Received a gift from Okawaru
 16441 | Orc:3    | Killed Donald
 16701 | Orc:3    | Found Scheiz's Magic Scroll Shoppe.
 16714 | Orc:3    | Bought a scroll of holy word for 120 gold pieces
 16714 | Orc:3    | Bought a scroll of identify for 32 gold pieces
 17116 | Orc:2    | Noticed Erolcha
 17125 | Orc:2    | Killed Erolcha
 17789 | Orc:4    | Noticed an orc warlord
 17790 | Orc:4    | Paralysed by an orc sorcerer for 4 turns
 17805 | Orc:4    | Killed an orc warlord
 18327 | Orc:4    | Paralysed by an orc sorcerer for 5 turns
 18376 | Orc:4    | Found a staircase to the Elven Halls.
 18377 | Orc:4    | Found a roughly hewn altar of Beogh.
 18410 | Orc:4    | Found Schulyom's Assorted Antiques.
 18419 | Orc:4    | Bought a potion of heal wounds for 108 gold pieces
 18459 | Orc:4    | Bought a scroll of enchant weapon I for 66 gold pieces
 18508 | Orc:4    | Bought the +0 mask of the Dragon {MR+ Acc+3 Dam+3 SInv} for 1207 gold pieces
 18542 | Orc:4    | Found Puavepp's Jewellery Emporium.
 18703 | D:11     | Paralysed by a giant eyeball for 4 turns
 18717 | Lair:1   | Entered Level 1 of the Lair of Beasts
 18717 | Lair:1   | Found a shattered altar of Ashenzari.
 19022 | Lair:1   | Received a gift from Okawaru
 19023 | Lair:1   | Got a dazzling ring mail {god gift}
 19024 | Lair:1   | Identified the -5 ring mail of Okawaru's Hope {rPois rC+ Dex+2} (Okawaru gifted it to you on level 1 of the Lair of Beasts)
 19078 | Lair:1   | Found a shimmering altar of Xom.
 19256 | Orc:4    | Bought a pair of runed gloves for 42 gold pieces
 19579 | Lair:1   | Reached skill level 10 in Armour
 19626 | Lair:1   | Reached XP level 14. HP: 108/121 MP: 19/19
 20282 | Lair:2   | Reached skill level 14 in Maces & Flails
 20432 | Lair:2   | Noticed Fannar
 20439 | Lair:2   | Killed Fannar
 21822 | Lair:4   | Found a hole to the Spider Nest.
 21822 | Lair:4   | Noticed Nergalle
 21828 | Lair:4   | Killed Nergalle
 21854 | Spider:1 | Entered Level 1 of the Spider Nest
 22078 | Lair:5   | Found a staircase to the Swamp.
 22208 | Lair:5   | Received a gift from Okawaru
 23158 | Lair:6   | Found a staircase to the Slime Pits.
 23158 | Lair:6   | Noticed an acid blob
 23158 | Lair:6   | Noticed an acid blob
 23158 | Lair:6   | Noticed an acid blob
 23165 | Lair:6   | Killed an acid blob
 23169 | Lair:6   | Killed an acid blob
 23175 | Lair:6   | Killed an acid blob
 23255 | Lair:8   | Entered Level 8 of the Lair of Beasts
 23320 | Lair:8   | Found an ancient bone altar of Kikubaaqudgha.
 23327 | Lair:8   | Identified a cursed +2 rod of frigid destruction (13/13) (You found it on level 8 of the Lair of Beasts)
 23499 | Lair:8   | Received a gift from Okawaru
 23593 | Lair:8   | Reached XP level 15. HP: 126/130 MP: 19/22
 23734 | Lair:8   | Reached skill level 15 in Maces & Flails
 24512 | Lair:7   | Received a gift from Okawaru
 25676 | Slime:1  | Entered Level 1 of the Pits of Slime
 25713 | Slime:2  | Noticed an acid blob
 25722 | Slime:2  | Killed an acid blob
 25746 | Slime:3  | Noticed an acid blob
 25748 | Slime:3  | Gained mutation: Your muscles are strong. (Str +2) [a shining eye]
 25756 | Slime:1  | Gained mutation: You have a fast metabolism. [a shining eye]
 25766 | Slime:1  | Gained mutation: You are clumsy. (Dex -2) [a shining eye]
 26129 | Slime:3  | Gained mutation: You tend to lose your temper in combat. [a shining eye]
 26139 | Slime:3  | Noticed an acid blob
 26148 | Slime:3  | Killed an acid blob
 26148 | Slime:3  | Reached skill level 15 in Shields
 26357 | Slime:4  | Noticed an acid blob
 26362 | Slime:4  | Paralysed by a giant eyeball for 3 turns
 26370 | Slime:4  | Paralysed by a giant eyeball for 2 turns
 26376 | Slime:4  | Killed an acid blob
 26747 | Slime:6  | Entered Level 6 of the Pits of Slime
 26761 | Slime:6  | Noticed an acid blob
 26779 | Slime:6  | Killed an acid blob
 26912 | Slime:6  | Found a viscous altar of Jiyva.
 26912 | Slime:6  | Noticed an acid blob
 26916 | Slime:6  | Noticed the royal jelly
 26920 | Slime:6  | Killed an acid blob
 26922 | Slime:6  | Noticed an acid blob
 26927 | Slime:6  | Gained mutation: Armour fits poorly on your strangely shaped body. [a shining eye]
 26934 | Slime:6  | Killed an acid blob
 26936 | Slime:6  | Noticed an acid blob
 26936 | Slime:6  | Noticed an acid blob
 26941 | Slime:6  | Killed the royal jelly
 26941 | Slime:6  | Received a gift from Okawaru
 26941 | Slime:6  | Reached skill level 16 in Maces & Flails
 26941 | Slime:6  | Reached XP level 16. HP: 104/141 MP: 11/24
 26941 | Slime:6  | Noticed an acid blob
 26959 | Slime:6  | Killed an acid blob
 26971 | Slime:6  | Killed an acid blob
 26984 | Slime:6  | Killed an acid blob
 26999 | Slime:6  | Gained mutation: Your vision is a little blurry. [a shining eye]
 27004 | Slime:6  | Noticed an acid blob
 27005 | Slime:6  | Noticed an acid blob
 27007 | Slime:6  | Noticed an acid blob
 27010 | Slime:6  | Noticed an acid blob
 27017 | Slime:6  | Killed an acid blob
 27020 | Slime:6  | Killed an acid blob
 27027 | Slime:6  | Killed an acid blob
 27031 | Slime:6  | Got a warped ivory ring
 27092 | Slime:6  | Got a faintly humming shield
 27104 | Slime:6  | Identified the cursed -2 shield "Grabaugg" {rElec SInv Stlth--} (You found it on level 6 of the Pits of Slime)
 27123 | Slime:6  | Killed an acid blob
 27151 | Slime:6  | Identified the ring of Groeriecat {Ice Int+4} (You found it on level 6 of the Pits of Slime)
 27183 | Slime:6  | Got a slimy rune of Zot
 27185 | Slime:6  | Got a crystal battleaxe
 27226 | Slime:6  | Got a twisted flail
 27278 | Slime:6  | Noticed an acid blob
 27293 | Slime:6  | Killed an acid blob
 27297 | Slime:6  | Received a gift from Okawaru
 27308 | Slime:6  | Got a heavily runed cloak {god gift}
 27310 | Slime:6  | Identified the +1 cloak of Braal {MR++ Str+2} (Okawaru gifted it to you on level 6 of the Pits of Slime)
 27619 | Slime:1  | Noticed an acid blob
 27620 | Slime:1  | Noticed an acid blob
 27635 | Slime:1  | Killed an acid blob
 27637 | Slime:1  | Killed an acid blob
 27700 | Slime:2  | Killed an acid blob
 27734 | Lair:6   | Identified the +6,+4 battleaxe of Extermination {chop, *Tele rElec rC+ Stlth++} (You found it on level 6 of the Pits of Slime)
 27735 | Lair:6   | Identified the +11,+9 flail "Upinuge" {venom, +Fly rElec rF+ Stlth++} (You found it on level 6 of the Pits of Slime)
 27955 | Lair:4   | Gained mutation: Your natural rate of healing is unusually fast. [potion of mutation]
 27955 | Lair:4   | Lost mutation: You have a fast metabolism. [potion of mutation]
 28089 | D:15     | Entered Level 15 of the Dungeon
 28280 | D:15     | Found Nuarr's Gadget Boutique.
 29092 | D:16     | Found an iron altar of Okawaru.
 29196 | D:17     | Found a snail-covered altar of Cheibriados.
 29323 | D:16     | Reached skill level 15 in Fighting
 29324 | D:16     | Found Faoskis' Armour Shop.
 29945 | D:17     | Reached skill level 17 in Maces & Flails
 30016 | D:17     | Received a gift from Okawaru
 30127 | D:17     | Found a staircase to the Vaults.
 30269 | Vaults:1 | Entered Level 1 of the Vaults
 30461 | Vaults:1 | Reached XP level 17. HP: 130/151 MP: 25/25
 30614 | Vaults:1 | Got a crystal mace
 30616 | Vaults:1 | Identified the -3,+6 mace "Zailua" {speed, Dex+2 SInv} (You found it on level 1 of the Vaults)
 30861 | Vaults:1 | Reached skill level 10 in Evocations
 30965 | Vaults:1 | Received a gift from Okawaru
 32094 | Spider:1 | Lost mutation: You are clumsy. (Dex -2) [potion of cure mutation]
 32094 | Spider:1 | Lost mutation: Your vision is a little blurry. [potion of cure mutation]
 32094 | Spider:1 | Lost mutation: Your muscles are strong. (Str +2) [potion of cure mutation]
 32094 | Spider:1 | Lost mutation: Armour fits poorly on your strangely shaped body. [potion of cure mutation]
 32094 | Spider:1 | Lost mutation: You tend to lose your temper in combat. [potion of cure mutation]
 32094 | Spider:1 | Lost mutation: Your natural rate of healing is unusually fast. [potion of cure mutation]
 32114 | Spider:1 | Received a gift from Okawaru
 32396 | D:18     | Found Irei's Assorted Antiques.
 32430 | D:18     | Bought 2 scrolls labeled FESSUITANO for 90 gold pieces
 32507 | D:18     | Found Huibeuh's Food Emporium.
 32519 | D:18     | Found Acalom's Food Shoppe.
 32532 | D:18     | Found Owoquang's Distillery.
 32537 | D:18     | Noticed Wiglaf
 32605 | D:18     | Killed Wiglaf
 32657 | D:18     | Bought a bread ration for 40 gold pieces
 32657 | D:18     | Bought a bread ration for 40 gold pieces
 32773 | D:18     | Bought 2 potions of heal wounds for 102 gold pieces
 32937 | D:18     | Found Fugoil's Gadget Shoppe.
 33176 | Orc:4    | Bought the amulet "Eppifeusch" {Gourm +Fly rPois rC+ MR++} for 933 gold pieces
 33343 | Swamp:1  | Entered Level 1 of the Swamp
 33427 | Swamp:2  | Reached skill level 18 in Maces & Flails
 33473 | Swamp:2  | Received a gift from Okawaru
 33489 | Swamp:2  | Got a pitted glaive {god gift}
 33637 | Swamp:5  | Entered Level 5 of the Swamp
 33911 | Swamp:5  | Got a decaying rune of Zot
 34325 | Spider:4 | Reached XP level 18. HP: 94/163 MP: 27/27
 34599 | Spider:3 | Noticed Arachne
 34611 | Spider:3 | Killed Arachne
 34917 | Spider:5 | Entered Level 5 of the Spider Nest
 35135 | Spider:5 | Noticed Mara
 35136 | Spider:5 | Reached skill level 15 in Armour
 35141 | Spider:5 | Noticed Mara
 35141 | Spider:5 | Noticed Mara
 35143 | Spider:5 | Noticed Vesto's illusion
 35226 | Spider:5 | Noticed Mara
 35226 | Spider:5 | Noticed Mara
 35230 | Spider:5 | Killed Mara
 35230 | Spider:5 | Received a gift from Okawaru
 35553 | Spider:5 | Reached skill level 19 in Maces & Flails
 36016 | Spider:5 | Got a gossamer rune of Zot
 36828 | D:20     | Entered Level 20 of the Dungeon
 38127 | D:20     | Received a gift from Okawaru
 38142 | D:20     | Got an ichor-stained chain mail {god gift}
 38143 | D:20     | Identified the +8 chain mail of Beyond {+Rage MR++ Int-4} (Okawaru gifted it to you on level 20 of the Dungeon)
 39061 | D:21     | Found a gateway to Hell.
 39273 | D:21     | Got a shimmering dire flail
 39274 | D:21     | Identified the +6,+6 dire flail of Linearity {venom, rC+ Dex-1} (You found it on level 21 of the Dungeon)
 39364 | D:21     | Reached XP level 19. HP: 166/176 MP: 27/27
 39695 | D:21     | Found a one-way gate leading to the halls of Pandemonium.
 39983 | D:21     | Found a one-way gate to the infinite horrors of the Abyss.
 40625 | D:23     | Reached skill level 20 in Maces & Flails
 41397 | D:25     | Entered Level 25 of the Dungeon
 41406 | D:23     | Found a white marble altar of Elyvilon.
 41842 | D:24     | Received a gift from Okawaru
 43697 | D:25     | Found a snail-covered altar of Cheibriados.
 43726 | D:25     | Got a bronze plate armour
 43727 | D:25     | Identified the +9 plate armour of Disaster {rC+} (You found it on level 25 of the Dungeon)
 44284 | D:25     | Reached skill level 21 in Maces & Flails
 44538 | D:25     | Received a gift from Okawaru
 44780 | D:26     | Reached XP level 20. HP: 79/189 MP: 28/28
 45117 | D:27     | Entered Level 27 of the Dungeon
 45661 | D:26     | Noticed Boris
 45670 | D:26     | Killed Boris
 46246 | D:27     | Received a gift from Okawaru
 48500 | Vaults:2 | Reached skill level 22 in Maces & Flails
 48591 | Vaults:2 | Received a gift from Okawaru
 48620 | Vaults:2 | Got a smoking cloak {god gift}
 48623 | Vaults:2 | Identified the +0 cloak "Schabiclau" {Dex+1} (Okawaru gifted it to you on level 2 of the Vaults)
 48717 | Vaults:2 | Found Tweagoesh's Book Boutique.
 49371 | Vaults:3 | Reached XP level 21. HP: 190/200 MP: 29/29
 49597 | Vaults:3 | Found Plog's Jewellery Boutique.
 49634 | Vaults:3 | Upgraded the game from 0.14-a0-587-gabf5573 to 0.14-a0-604-g2d5c4bb
 49734 | Vaults:3 | Found a staircase to the Enchanted Forest.
 49768 | Forest:1 | Entered Level 1 of the Enchanted Forest
 50285 | Forest:1 | Noticed Jory
 50307 | Forest:1 | Killed Jory
 51381 | Vaults:3 | Received a gift from Okawaru
 52446 | Vaults:5 | Entered Level 5 of the Vaults
 52656 | Vaults:4 | Reached skill level 23 in Maces & Flails
 52793 | Vaults:4 | Found Coalia's Assorted Antiques.
 52798 | Vaults:4 | Bought a potion of heal wounds for 105 gold pieces
 53363 | Vaults:4 | Found a staircase to the Hall of Blades.
 53930 | Vaults:4 | Received a gift from Okawaru
 54289 | Vaults:4 | Reached XP level 22. HP: 213/213 MP: 29/29
 54935 | Vaults:5 | Found Lafisch's Distillery.
 54939 | Vaults:5 | Bought a potion of heal wounds for 48 gold pieces
 54944 | Vaults:5 | Found Plisim's Magic Scroll Shop.
 55296 | Vaults:5 | Found Unnunubi's Distillery.
 55311 | Vaults:5 | Bought a potion of speed for 71 gold pieces
 55318 | Vaults:5 | Found Dailoare's Distillery.
 55322 | Vaults:5 | Bought 2 potions of heal wounds for 132 gold pieces
 55330 | Vaults:5 | Found Friojiob's Magic Scroll Emporium.
 55330 | Vaults:5 | Found Kezerhyv's Distillery.
 55334 | Vaults:5 | Bought a scroll of acquirement for 988 gold pieces
 55360 | Vaults:5 | Found Qaangiz's Magic Scroll Shoppe.
 56856 | Vaults:5 | Reached skill level 24 in Maces & Flails
 57544 | Vaults:5 | Got a silver rune of Zot
 57548 | Vaults:5 | Found Ixiarch's Antique Armour Shoppe.
 57548 | Vaults:5 | Found Grekka's Magical Wand Shoppe.
 57977 | Vaults:5 | Received a gift from Okawaru
 58002 | Vaults:5 | Found Dossaes' General Store.
 58150 | Vaults:5 | Found Emal's Food Shop.
 58183 | Vaults:5 | Bought a potion of cure mutation for 455 gold pieces
 58439 | Forest:1 | Reached XP level 23. HP: 214/225 MP: 29/29
 60057 | Forest:2 | Found a staircase to the Tomb.
 61121 | Forest:3 | Found an ancient bone altar of Kikubaaqudgha.
 61123 | Forest:3 | Noticed Sojobo
 61170 | Forest:3 | Killed Sojobo
 62177 | Forest:4 | Paralysed by a spriggan assassin for 5 turns
 62295 | Forest:5 | Entered Level 5 of the Enchanted Forest
 62295 | Forest:5 | Noticed Saint Roka
 62308 | Forest:5 | Killed Saint Roka
 62308 | Forest:5 | Received a gift from Okawaru
 62786 | Vaults:5 | Bought a scroll of recharging for 104 gold pieces
 63270 | Forest:5 | Noticed Mennas
 63284 | Forest:5 | Killed Mennas
 63284 | Forest:5 | Reached skill level 25 in Maces & Flails
 64790 | Forest:5 | Noticed the Enchantress
 64802 | Forest:5 | Received a gift from Okawaru
 65052 | Forest:5 | Got a crystal glaive
 65053 | Forest:5 | Identified the +5,+6 glaive "Kluenn" {freeze, Noisy rElec rC+ Dex-2} (You found it on level 5 of the Enchanted Forest)
 65142 | Forest:5 | Killed the Enchantress
 65142 | Forest:5 | Reached XP level 24. HP: 233/238 MP: 22/30
 65787 | Elf:1    | Entered Level 1 of the Elven Halls
 66221 | Elf:2    | Found a frozen archway.
 66239 | IceCv    | Entered an ice cave
 66731 | IceCv    | Got a pitted zirconium amulet
 66732 | IceCv    | Identified the amulet of Thrahunk {+Rage +Fly rC- Dam+5} (You found it in an ice cave)
 67493 | Elf:3    | Entered Level 3 of the Elven Halls
 67595 | Elf:3    | Found a magical portal.
 67600 | WizLab   | Entered a wizard's laboratory
 68165 | WizLab   | Found a blossoming altar of Fedhas.
 68256 | WizLab   | Identified Wizardry in Simple Steps (You found it in a wizard's laboratory)
 68262 | WizLab   | Identified Schoakhluij's Second Course in Spellweaving (You found it in a wizard's laboratory)
 68265 | WizLab   | Identified the Papyrus of Toxic Combat Magic (You found it in a wizard's laboratory)
 68268 | WizLab   | Identified the Disquisition on the Glacier and Moulding (You found it in a wizard's laboratory)
 68782 | Elf:3    | Noticed Louise
 68795 | Elf:3    | Killed Louise
 68932 | Elf:3    | Reached skill level 26 in Maces & Flails
 70649 | Elf:3    | Got a slimy lead amulet
 71461 | Vaults:5 | Bought a scroll of identify for 24 gold pieces
 71464 | Vaults:5 | Identified the amulet "Schaff" {Inacc rElec} (You found it on level 3 of the Elven Halls)
 71568 | Blade    | Entered the Hall of Blades
 72213 | D:22     | Got a fine silver ring
 72249 | D:22     | Identified the ring of Procofoi {AC+4 Dex+4} (You found it on level 22 of the Dungeon)
 72335 | D:22     | Reached XP level 25. HP: 247/251 MP: 31/31
 72902 | Zot:1    | Entered Level 1 of the Realm of Zot
 73778 | Zot:1    | Received a gift from Okawaru
 73836 | Zot:1    | Got a faintly glowing steel ring
 75387 | Zot:2    | Identified the ring "Viufehu" {+/*Tele Str-4} (You found it on level 1 of the Realm of Zot)
 75736 | Zot:2    | Reached skill level 27 in Maces & Flails
 77148 | Zot:3    | Reached skill level 10 in Dodging
 78671 | Zot:3    | Reached XP level 26. HP: 259/263 MP: 30/31
 78750 | Zot:3    | Received a gift from Okawaru
 79421 | Zot:4    | Noticed an orb of fire
 79432 | Zot:4    | Gained mutation: You are clumsy. (Dex -2) [an orb of fire]
 79441 | Zot:4    | Gained mutation: Your magical capacity is low (-10% MP). [an orb of fire]
 79454 | Zot:4    | Gained mutation: You are weak. (Str -2) [an orb of fire]
 79858 | Zot:3    | Upgraded the game from 0.14-a0-604-g2d5c4bb to 0.14-a0-607-gc3d485b
 79977 | Zot:4    | Reached skill level 27 in Fighting
 80283 | Zot:4    | Received a gift from Okawaru
 80418 | Zot:4    | Noticed an orb of fire
 80831 | Zot:5    | Entered Level 5 of the Realm of Zot
 80903 | Zot:4    | Upgraded the game from 0.14-a0-607-gc3d485b to 0.14-a0-717-gc32513d
 81370 | Zot:5    | Noticed an ancient lich
 81380 | Zot:5    | Killed an ancient lich
 81558 | Zot:5    | Reached skill level 27 in Armour
 82290 | Vaults:5 | Bought a potion of curing for 40 gold pieces
 82290 | Vaults:5 | Bought a potion of curing for 40 gold pieces
 82290 | Vaults:5 | Bought a potion of heal wounds for 60 gold pieces
 82290 | Vaults:5 | Bought a potion of heal wounds for 60 gold pieces
 82290 | Vaults:5 | Bought a potion of speed for 110 gold pieces
 82302 | Vaults:5 | Bought a potion of heal wounds for 66 gold pieces
 82302 | Vaults:5 | Bought a potion of heal wounds for 66 gold pieces
 82302 | Vaults:5 | Bought a potion of speed for 121 gold pieces
 82317 | Vaults:5 | Bought a potion of heal wounds for 48 gold pieces
 82317 | Vaults:5 | Bought a potion of heal wounds for 48 gold pieces
 83241 | Zot:5    | Noticed an ancient lich
 83255 | Zot:5    | Killed an ancient lich
 83602 | Zot:5    | Noticed an orb of fire
 83622 | Zot:5    | Killed an orb of fire
 83622 | Zot:5    | Reached skill level 15 in Dodging
 83768 | Zot:5    | Reached XP level 27. HP: 265/271 MP: 28/28
 83845 | Zot:5    | Received a gift from Okawaru
 83902 | Zot:5    | Noticed an ancient lich
 83920 | Zot:5    | Killed an ancient lich
 84396 | Zot:5    | Noticed an orb of fire
 84397 | Zot:5    | Gained mutation: You occasionally shout uncontrollably. [an orb of fire]
 84410 | Zot:5    | Killed an orb of fire
 84811 | Zot:5    | Noticed an orb of fire
 84811 | Zot:5    | Gained mutation: Armour fits poorly on your strangely shaped body. [an orb of fire]
 84814 | Zot:5    | Gained mutation: Your vision is a little blurry. [an orb of fire]
 84818 | Zot:5    | Gained mutation: You have a fast metabolism. [an orb of fire]
 84827 | Zot:5    | Killed an orb of fire
 85499 | Zot:5    | Noticed an orb of fire
 85499 | Zot:5    | Gained mutation: You have a very fast metabolism. [an orb of fire]
 85500 | Zot:5    | Gained mutation: You are frail (-10% HP). [an orb of fire]
 85509 | Zot:5    | Gained mutation: Your metabolism is lightning-fast. [an orb of fire]
 85519 | Zot:5    | Killed an orb of fire
 85551 | Zot:5    | Lost mutation: Your metabolism is lightning-fast. [potion of cure mutation]
 85551 | Zot:5    | Lost mutation: Armour fits poorly on your strangely shaped body. [potion of cure mutation]
 85551 | Zot:5    | Lost mutation: You are frail (-10% HP). [potion of cure mutation]
 85982 | Zot:5    | Received a gift from Okawaru
 86603 | Vaults:5 | Bought a potion of speed for 71 gold pieces
 87206 | Zot:5    | Got the Orb of Zot
 87572 | D:19     | Noticed Stranuistru the pandemonium lord
 87701 | D:14     | Noticed Ammirph the pandemonium lord
 87808 | D:9      | Lost mutation: You have a very fast metabolism. [a neqoxec]
 87811 | D:9      | Gained mutation: Space occasionally distorts in your vicinity. [a neqoxec]
 87928 | D:2      | Gained mutation: You digest meat inefficiently. [a cacodemon]
 88032 | D:$      | Escaped with the Orb!

Action                   |  1- 3 |  4- 6 |  7- 9 | 10-12 | 13-15 | 16-18 | 19-21 | 22-24 | 25-27 || total
-------------------------+-------+-------+-------+-------+-------+-------+-------+-------+-------++-------
Melee: Mace              |    66 |   220 |       |       |       |       |       |       |       ||   286
       Flail             |       |    17 |   390 |   466 |       |  1588 |  1658 |  1981 |  1451 ||  7551
       Demon whip        |       |       |       |   310 |  1438 |   123 |       |       |       ||  1871
       Rod               |       |       |       |       |    13 |    64 |       |       |       ||    77
       Dire flail        |       |       |       |       |       |    11 |   347 |       |    68 ||   426
Invok: Heroism           |       |       |       |    16 |    20 |    17 |    18 |    22 |    16 ||   109
       Finesse           |       |       |       |       |     3 |     1 |     4 |     9 |     6 ||    23
 Abil: Evoke Flight      |       |       |       |       |       |       |     2 |     6 |       ||     8
       Stop Flying       |       |       |       |       |       |       |     2 |     5 |       ||     7
Evoke: Wand              |       |       |     9 |     5 |    16 |     7 |     9 |    17 |    11 ||    74
       Rod               |       |       |       |       |       |     1 |       |       |       ||     1
  Use: Potion            |       |     1 |     7 |     9 |     7 |    14 |     4 |    10 |     9 ||    61
       Scroll            |       |       |    18 |     9 |    33 |    20 |    14 |    23 |    22 ||   139
 Stab: Sleeping          |       |       |       |     1 |     1 |       |       |       |       ||     2
       Fleeing           |       |       |       |       |       |     1 |     3 |       |     6 ||    10
